 Dungeon Crawl Stone Soup version 0.30-a0-557-ge2afbf3030 (webtiles) character file.

Game seed: 18228377242551853650

47 AppleFox63 the Magician (level 3, 22/22 HPs)
             Began as a Djinni Fire Elementalist on Dec 27, 2022.
             Quit the game on level 2 of the Dungeon.
             The game lasted 00:22:44 (2358 turns).

AppleFox63 the Magician (Djinni Fire Elementalist)  Turns: 2358, Time: 00:22:44

Health: 22/22      AC:  6    Str: 13    XL:     3   Next: 97%
Gold:   44         EV: 12    Int: 18    God:
                   SH:  0    Dex: 13

rFire   + + .      SeeInvis .    c - +0 club
rCold   x . .      Faith    .    (no shield)
rNeg    . . .      Spirit   .    f - +0 leather armour
rPois   ∞          Reflect  .    (no helmet)
rElec   .          Harm     .    (no cloak)
rCorr   .          Rampage  .    h - +0 pair of gloves
Will    .....      Clarity  +    (boots unavailable)
Stlth   ++                       (no amulet)
HPRegen 0.23/turn                n - +6 ring of strength
MPRegen 0.00/turn                (no ring)

@: flying
A: sickness immunity, fire resistance 2, cold vulnerability 1, float, innate
caster, HP casting, extra vitality 1, iridescent scales 1, clarity, frail 1,
MP-powered wands
a: no special abilities


You were on level 2 of the Dungeon.
You visited 1 branch of the dungeon, and saw 2 of its levels.

You collected 44 gold pieces.

Inventory:

Hand Weapons
 c - a +0 club (weapon)
 e - a +0 dagger
Armour
 a - a +0 robe
 d - a +0 scale mail
 f - a +0 leather armour (worn)
 h - a +0 pair of gloves (worn)
Jewellery
 n - a +6 ring of strength (left hand)
Wands
 i - a wand of flame (26)
Scrolls
 g - 2 scrolls of enchant weapon {unknown}
 m - 2 scrolls of teleportation {unknown}
 o - a scroll of vulnerability {unknown}
 p - a scroll of identify
Potions
 b - a potion of magic
 j - a potion of mutation
 k - a potion of brilliance
 l - 2 potions of curing {unknown}


   Skills:
 + Level 0.1 Armour
 + Level 2.7 Dodging
 + Level 1.8 Stealth
 + Level 3.2 Spellcasting


You couldn't memorise any spells.
You knew the following spells:

 Your Spells              Type           Power      Damage    Failure   Level
a - Foxfire               Conj/Fire      56%        2x1d6     5%          1
b - Scorch                Fire           28%        2d6       8%          2
c - Kindle Blastsparks    Fire/Tloc/Air  28%        2d12      16%         3
d - Inner Flame           Hex/Fire       14%        N/A       16%         3
e - Flame Wave            Conj/Fire      14%        2d6       45%         4
f - Necrotise             Necr           56%        1d6       5%          1
Your spell library was empty.

Dungeon Overview and Level Annotations

Branches:
Dungeon (2/15)

Altars:
Makhleb


Innate Abilities, Weirdness & Mutations

You are immune to sickness and miasma.
You are immune to poison.
Your flesh is very heat resistant. (rF++)
You are vulnerable to cold. (rC-)
You float through the air rather than walking.
You learn spells naturally, not from books.
Your magical power is your life essence.
You have superior vitality. (+4 MHP)
You are partially covered in iridescent scales. (AC +2)
You possess an exceptional clarity of mind.
You are frail. (-10% HP)
You expend health (3 HP) to strengthen your wands.


Message History

You kill the goblin!
You see here a frilled lizard corpse.
You see here a +0 club.
A ball python comes into view.
Found 15 gold pieces.
Found an escape hatch in the ceiling.
The ball python hisses angrily.
Casting: Scorch (safe; 9% risk of failure)
Confirm with . or Enter, or press ? or * to list all spells.
You can't see any susceptible monsters within range! (Use Z to cast anyway.) Unknown command.
Casting: Scorch (safe; 9% risk of failure)
Confirm with . or Enter, or press ? or * to list all spells.
Flames lash the ball python.
You kill the ball python!
Casting: Scorch (safe; 8% risk of failure)
Confirm with . or Enter, or press ? or * to list all spells.
You conjure some foxfire!
Your foxfire dissipates! x2
You now have 44 gold pieces (gained 15).
There is a burning altar of Makhleb here.
There are no items here.
Unknown command.
There is a burning altar of Makhleb here.
Press: ? - help, v - describe, . - travel A burning altar of Makhleb.
There is a burning altar of Makhleb here.
You see here a ball python corpse.
Unknown command.
There is a burning altar of Makhleb here.
There is a burning altar of Makhleb here.
There are no items here.
You hover solemnly before the altar of Makhleb.
There is an escape hatch in the ceiling here.
You see here a ball python corpse.
There are no objects that can be picked up here. a ball python corpse
There is a burning altar of Makhleb here.
You hover solemnly before the altar of Makhleb.
You hover solemnly before the altar of Makhleb.
Are you sure you want to abandon this character and quit the game? (Confirm with "yes".)

#####)# .......
...#.# .# #######
########.#.# .####
#..v..
...........##.....
..####
#...†......#
#..........#
#..........#
#..........#
#....@.....#
#.<........#
###.....####
##..### ##.# #.#
#.# #.# #.#


There were no monsters in sight!

Vanquished Creatures
  An adder (D:2)
  2 giant cockroaches
  9 goblins
  4 hobgoblins
  2 jackals (D:1)
  3 quokkas (D:1)
  4 ball pythons
  3 bats (D:1)
  2 frilled lizards
  4 rats (D:1)
34 creatures vanquished.

Vanquished Creatures (others)
  89 foxfires
89 creatures vanquished.

Grand Total: 123 creatures vanquished

Notes
Turn   | Place    | Note
-------+----------+-------------------------------------------
     0 | D:1      | AppleFox63 the Djinni Fire Elementalist began the quest for
                  | the Orb.
     0 | D:1      | AppleFox63 set off with the following spells memorised:
                  | Foxfire, Scorch, Kindle Blastsparks, Inner Flame, Flame
                  | Wave.
     0 | D:1      | Reached XP level 1. HP: 15/15 MP: 0/0
   126 | D:1      | Reached XP level 2. HP: 19/21 MP: 0/0
   728 | D:1      | Reached XP level 3. HP: 24/25 MP: 0/0
   728 | D:1      | Learned a level 1 spell: Necrotise
   837 | D:1      | Reached skill level 3 in Spellcasting
  2085 | D:1      | Gained mutation: You possess an exceptional clarity of
                  | mind. [potion of mutation]
  2085 | D:1      | Gained mutation: You are frail. (-10% HP) [potion of
                  | mutation]
  2085 | D:1      | Gained mutation: You are partially covered in iridescent
                  | scales. (AC +2) [potion of mutation]
  2085 | D:1      | Gained mutation: You expend health (3 HP) to strengthen
                  | your wands. [potion of mutation]
  2301 | D:2      | Found a burning altar of Makhleb.
  2358 | D:2      | Quit the game

Illustrated notes

Levels and vault maps discovered:
D:1:      lemuel_arrival_muddy, layout_basic, minmay_misc_feat_secret_circle
D:2:      layout_basic, basic_altar

Skill      XL: |  1  2  3 |
---------------+----------+-----
Spellcasting   | 3 |  3.2
Armour         | |  0.1
Dodging        | |  2.7
Stealth        | |  1.8

Action                   || total
-------------------------++-------
Melee: Unarmed           ||    11
       Club              ||    16
 Cast: Foxfire           ||    54
       Scorch            ||     4
       Necrotise         ||     2
       Kindle Blastspark ||     1
Evoke: Wand              ||     2
  Use: Scroll            ||     2
       Potion            ||     1
Armor: Robe              ||    13
       Leather armour    ||     5
Dodge: Dodged            ||    38

Table legend: (Time is in decaauts)
 A = Elapsed time spent in this place.
 B = Non-inter-level travel time spent in this place.
 C = Inter-level travel time spent in this place.
 D = Time resting spent in this place.
 E = Time spent auto-exploring this place.
 F = Levels seen in this place.
 G = Mean time per level.
                   A        B        C        D        E       F      G
               +--------+--------+--------+--------+--------+-----+--------+
         Total |   2361 |   2348 |     13 |    902 |    448 |   2 | 1180.5 |
       Dungeon |   2361 |   2348 |     13 |    902 |    448 |   2 | 1180.5 |
               +--------+--------+--------+--------+--------+-----+--------+

Top non-repeatable levels by time:
     D:1: 2095 daAuts
     D:2: 265 daAuts
